 Dungeon Crawl Stone Soup version 0.17.1-3-g152610e (webtiles) character file.

102 MenacingMecha the Grave Robber (level 4, -2/30 HPs)
             Began as a Mummy Necromancer on Feb 22, 2016.
             Slain by a sky beast (6 damage)
             ... on level 3 of the Dungeon.
             The game lasted 00:10:55 (3614 turns).

MenacingMecha the Grave Robber (Mummy Necromancer)  Turns: 3614, Time: 00:10:55

Health: -2/30      AC:  4    Str: 11    XL:     4   Next: 49%
Magic:  1/8        EV: 12    Int: 15    God:
Gold:   165        SH:  0    Dex: 12    Spells: 4 memorised, 0 levels left

rFire  x . .     SeeInvis .     g - +0 mace
rCold  + . .     Clarity  .     a - +0 robe
rNeg   + + +     SustAt   .     (no shield)
rPois  ∞         Gourm    .     (no helmet)
rElec  .         Spirit   .     (no cloak)
rCorr  .         Warding  .     q - +0 pair of gloves
rMut   .         Stasis   .     f - +0 pair of boots
MR     .....                    (no amulet)
Stlth  ++........               (no ring)
                                (no ring)

@: not resistant to hostile enchantments, unstealthy
A: no food or potions, fire vulnerability, cold resistance 1, negative energy
resistance 3, torment resistance, unbreathing
a: no special abilities


You were on level 3 of the Dungeon.
You were not hungry.

You visited 1 branch of the dungeon, and saw 3 of its levels.

You collected 165 gold pieces.

Inventory:

Hand Weapons
 g - a +0 mace (weapon)
Armour
 a - a +0 robe (worn)
 f - a +0 pair of boots (worn)
 l - a +0 buckler
 q - a +0 pair of gloves (worn)
Rods
 k - a +1 rod of inaccuracy (10/10)
   (You found it on level 2 of the Dungeon)
Jewellery
 n - an uncursed amulet of faith {unknown}
 p - a cursed -3 ring of intelligence {unknown}
 t - an uncursed ring of protection from magic {unknown}
Wands
 r - a wand of paralysis (11)
Scrolls
 c - 3 scrolls of teleportation {unknown}
 d - a scroll of noise {unknown}
 e - a scroll of immolation {unknown}
 h - 2 scrolls of identify {unknown}
 i - a scroll of enchant weapon {unknown}
 j - 2 scrolls of recharging {unknown}
 m - 2 scrolls of fog {unknown}
 o - a scroll of remove curse {unknown}
 s - a scroll of amnesia {unknown}
Books
 b - a book of Necromancy

   Spells                             Type                      Level
   a - Pain                           Necromancy                   1
   b - Animate Skeleton               Necromancy                   1
   c - Vampiric Draining              Necromancy                   3
   d - Regeneration                   Charms/Necromancy            3
   e - Animate Dead                   Necromancy                   4
   f - Control Undead                 Necromancy                   4


   Skills:
 - Level 1.5 Dodging
 - Level 1.5 Stealth
 + Level 3.2 Spellcasting
 + Level 5.2 Necromancy


You couldn't memorise any spells.
You knew the following spells:

 Your Spells              Type           Power        Failure   Level  Hunger
a - Pain                  Necr           ###.         1%          1    N/A
b - Animate Skeleton      Necr           N/A          1%          1    N/A
c - Animate Dead          Necr           N/A          24%         4    N/A
d - Vampiric Draining     Necr           ###.......   10%         3    N/A

Dungeon Overview and Level Annotations

Branches:
Dungeon (3/15)

Altars:
Fedhas


Innate Abilities, Weirdness & Mutations

You do not eat or drink.
Your flesh is vulnerable to fire.
You are immune to poison.
Your flesh is cold resistant.
You are immune to negative energy.
You are immune to unholy pain and torment.
You can survive without breathing.


Message History

Casting: Animate Dead
Confirm with . or Enter, or press ? or * to list all spells.
You can't see any susceptible monsters within range! (Use Z to cast anyway.)
Casting: Animate Dead
Confirm with . or Enter, or press ? or * to list all spells.
You don't have enough magic to cast that spell.
Casting: Animate Dead
Confirm with . or Enter, or press ? or * to list all spells.
Aiming: Pain
Press: ? - help, Shift-Dir - straight line Nothing appears to happen.
Something hits you but does no damage.
Casting: Pain
Confirm with . or Enter, or press ? or * to list all spells.
Aiming: Pain
Press: ? - help, Shift-Dir - straight line Nothing appears to happen.
Something hits you but does no damage. Something hits you.
* * * LOW HITPOINT WARNING * * *
Something shocks you.
You die...

##.## #........# #.#
##.####..# #.# ##.# #..# #.#
#..# #..# #.# #.## #..# ###
#.# #.# #..# #.### #.########
#.# #..# ....# #........# #.#
#..# ....############@###.# #
........).)........).#####..#
....######..................#
....######.....#######.###.##
.................# ##.##
....######.....#.# #...#
<..## #.....#...........#
#.## ###.########...#### #.#
#.# ##.##


There were no monsters in sight!

Vanquished Creatures
  An orc wizard (D:3)
  2 adders (D:3)
  A worm (D:3)
  4 giant geckos
  3 orcs (D:3)
  7 bats
  4 giant cockroaches
  3 goblins
  4 hobgoblins
  7 kobolds
  A quokka (D:3)
  2 ball pythons
  2 giant newts (D:1)
  4 rats (D:1)
45 creatures vanquished.

Vanquished Creatures (collateral kills)
  2 goblins
  A hobgoblin (D:1)
  A giant newt (D:1)
  3 rats (D:1)
7 creatures vanquished.

Grand Total: 52 creatures vanquished

Notes
Turn   | Place    | Note
--------------------------------------------------------------
     0 | D:1      | MenacingMecha the Mummy Necromancer began the quest for the Orb.
     0 | D:1      | Reached XP level 1. HP: 13/13 MP: 3/3
     2 | D:1      | Learned a level 1 spell: Animate Skeleton
   528 | D:1      | Reached XP level 2. HP: 11/19 MP: 1/5
  1560 | D:1      | Reached XP level 3. HP: 21/24 MP: 7/7
  1738 | D:2      | Found a blossoming altar of Fedhas.
  2514 | D:3      | Reached XP level 4. HP: 5/30 MP: 0/8
  2768 | D:3      | Learned a level 4 spell: Animate Dead
  2772 | D:3      | Learned a level 3 spell: Vampiric Draining
  2772 | D:3      | Identified a +1 rod of inaccuracy (10/10) (You found it on level 2 of the Dungeon)
  2783 | D:3      | Reached skill level 5 in Necromancy
  3597 | D:3      | Noticed a sky beast
  3614 | D:3      | Slain by a sky beast

Action                   |  1- 3 |  4- 6 || total
-------------------------+-------+-------++-------
Melee: Club              |    14 |       ||    14
       Unarmed           |     2 |       ||     2
       Mace              |    85 |    23 ||   108
 Cast: Pain              |    24 |    27 ||    51
       Animate Skeleton  |    19 |       ||    19
       Animate Dead      |       |     3 ||     3
       Vampiric Draining |       |     1 ||     1
 Stab: Sleeping          |     4 |       ||     4
